[Event "2022 Glenn Snow Memorial"]
[Site "Noblesville, Indiana, United States"]
[Date "2022.09.16"]
[Round "1.2"]
[White "Shabalov, Alexander"]
[Black "Criss, Nathaniel C"]
[Result "1-0"]
[TimeControl "90:30"]
[WhiteTitle "GM"]
[WhiteElo "2601"]
[BlackElo "2059"]

1. e4 e6 2. d4 d5 3. e5 c5 4. c3 Nc6 5. Nf3 Qb6 6. Bd3 Bd7 7. O-O cxd4 8. a3 a5 9. cxd4 a4 10.
Nc3 Na5 11. Nxa4 Qb3 12. Bc2 Bxa4 13. Bxb3 Bxb3 14. Qe1 Bc4 15. Nd2 Bxf1 16. Qxf1 Ne7 17. Qb5+ Nac6 18. Nb3 f6 19. exf6 gxf6 20.
Bf4 Kf7 21. Re1 Bg7 22. Qe2 e5 23. dxe5 fxe5 24. Qh5+ Ng6 25. Qf5+ Ke8 26. Nc5 1-0

[Event "2022 Glenn Snow Memorial"]
[Site "Noblesville, Indiana, United States"]
[Date "2022.09.16"]
[Round "1.7"]
[White "Davidovich, Manis"]
[Black "Lim, Timothy"]
[Result "0-1"]
[TimeControl "90:30"]
[WhiteElo "2200"]
[BlackElo "2011"]

1. f4 Nf6 2. Nf3 g6 3. g3 Bg7 4. Bg2 O-O 5. O-O c5 6. d3 d5 7. Nc3 Nc6 8. e4 d4 9. Ne2 Bg4 10.
h3 Bxf3 11. Bxf3 Rc8 12. g4 b5 13. Rf2 Qb6 14. h4 c4 15. a3 cxd3 16. Qxd3 Nd7 17. e5 Nc5 18. Qd1 Rfd8 19. Ng3 d3 20.
c3 d2 21. Bxd2 Nd3 22. Ne4 Nxf2 23. Nxf2 Na5 24. Qe2 Rxd2 25. Qxd2 Nb3 26. Qd1 Nxa1 27. Qxa1 Qe3 28. Qd1 Qxf4 29.
e6 fxe6 30. Qd7 Rf8 31. Qxe6+ Kh8 0-1

[Event "2022 Glenn Snow Memorial"]
[Site "Noblesville, Indiana, United States"]
[Date "2022.09.16"]
[Round "1.5"]
[White "Mu, Grant"]
[Black "Lopez, Mauro A"]
[Result "1/2-1/2"]
[TimeControl "90:30"]
[WhiteElo "2031"]
[BlackElo "2268"]

1. d4 Nf6 2. c4 e6 3. Nc3 Bb4 4. f3 O-O 5. a3 Bxc3+ 6. bxc3 Ne8 7. e4 b6 8. Bd3 Nc6 9. Nh3 Ba6 10.
e5 f6 11. Qc2 g6 12. exf6 Qxf6 13. Bg5 Qf7 14. O-O Na5 15. Bh6 Ng7 16. Ng5 Qf6 17. Ne4 Qf7 18. Ng5 Qf6 19. Ne4 Qf7 20.
Ng5 Qf6 21. Ne4 Qf7 22. Ng5 1/2-1/2

[Event "2022 Glenn Snow Memorial"]
[Site "Noblesville, Indiana, United States"]
[Date "2022.09.16"]
[Round "1.3"]
[White "Xia, Ruoxiao"]
[Black "Bora, Safal"]
[Result "0-1"]
[TimeControl "90:30"]
[BlackTitle "IM"]
[WhiteElo "2056"]
[BlackElo "2539"]

1. d4 e6 2. c4 b6 3. Nc3 Bb4 4. e3 Bxc3+ 5. bxc3 Bb7 6. Nf3 c5 7. Bd3 f5 8. O-O Nf6 9. Ba3 Na6 10.
Nd2 O-O 11. f3 d6 12. Qc2 Nc7 13. Rae1 Nh5 14. Bc1 Qf6 15. f4 Rae8 16. Nf3 Qg6 17. Qa4 Nf6 18. Qxa7 Rb8 19. Rf2 Ng4 20. Rff1 Nf6 21. Rf2 Qe8 22.
Qxb6 Bxf3 23. Qxc7 Be4 24. Bf1 Rc8 25. Qb6 Qe7 26. Qb3 Ng4 27. Rfe2 Rf6 28. g3 Rff8 29. Bg2 Rb8 30. Qd1 Nf6 31.
Bxe4 Nxe4 32. Qc2 Qa7 33. g4 Rbc8 34. d5 Qf7 35. Rd1 Rce8 36. dxe6 Rxe6 37. Rg2 fxg4 38. Rd5 Nf6 39. Rg5 Rfe8 40.
Qf5 Re4 41. h3 g6 42. R5xg4 Nxg4 43. Qxg4 Qxc4 44. Bd2 Qxa2 45. h4 Qe6 46. Qg5 Qe7 47. Qd5+ Qe6 48. Qg5 Rxe3 49. Bxe3 Qxe3+ 50. Kh2 Rf8 51. Qd5+ Kg7 52.
f5 Qf4+ 0-1

[Event "2022 Glenn Snow Memorial"]
[Site "Noblesville, Indiana, United States"]
[Date "2022.09.16"]
[Round "1.8"]
[White "Toliver, Stuart A"]
[Black "Yanayt, Eugene"]
[Result "0-1"]
[TimeControl "90:30"]
[BlackTitle "FM"]
[WhiteElo "1991"]
[BlackElo "2200"]

1. d4 Nf6 2. c4 g6 3. g3 c5 4. d5 e6 5. Bg2 exd5 6. cxd5 d6 7. Nc3 Bg7 8. Nf3 O-O 9. O-O Re8 10.
h3 Ne4 11. Nxe4 Rxe4 12. Nd2 Re8 13. Re1 b5 14. a4 Bd7 15. Ne4 Bf5 16. Nd2 Qb6 17. axb5 Qxb5 18. e4 Bc8 19. Bf1 Qd7 20.
Qa4 Qe7 21. Nf3 Nd7 22. Bg5 f6 23. Bf4 Ne5 24. Bxe5 fxe5 25. Nd2 Bd7 26. Qa6 Reb8 27. Nc4 Bf8 28. Qa5 Rb7 29. Ra2 Rab8 30.
Qd2 Rc7 31. Kh2 Rb4 32. Rea1 Bb5 33. Qc2 Qf7 34. Kg2 a6 35. Na5 Qf6 36. Bxb5 axb5 37. Nc6 Rc4 38. Qe2 Rf7 39. Ra7 Be7 40.
R1a3 h5 41. Re3 Bf8 42. Rxf7 Qxf7 43. Rf3 Qd7 44. Rf6 Qg7 45. Qf3 Rc2 46. b3 b4 47. Re6 Rc3 48. Qd1 c4 49. bxc4 b3 50.
Na5 b2 51. Qb1 Qf7 52. Qxb2 Qf3+ 53. Kh2 Rd3 54. Rxg6+ Kh8 55. Qc1 Qxf2+ 56. Kh1 Qf3+ 57. Kh2 Qe2+ 58. Kg1 Rd1+ 59. Qxd1 Qxd1+ 0-1

[Event "2022 Glenn Snow Memorial"]
[Site "Noblesville, Indiana, United States"]
[Date "2022.09.16"]
[Round "1.4"]
[White "Fishbein, Alexander"]
[Black "Abraham, John"]
[Result "1-0"]
[TimeControl "90:30"]
[WhiteTitle "GM"]
[WhiteElo "2507"]
[BlackElo "2039"]

1. e4 c6 2. d3 d5 3. Nd2 e5 4. Ngf3 Bd6 5. g3 Nf6 6. Bg2 O-O 7. O-O Bg4 8. h3 Bxf3 9. Bxf3 Nbd7 10.
Re1 Qc7 11. Bg2 Rfe8 12. c3 Rad8 13. Qc2 Nb6 14. Nf3 Nfd7 15. b4 dxe4 16. Rxe4 Nf8 17. Bg5 f6 18. Bd2 Qf7 19. Rae1 Ng6 20.
h4 Nd5 21. h5 Nf8 22. h6 g6 23. Bf1 Nd7 24. Qb3 Nc7 25. Qxf7+ Kxf7 26. d4 b5 27. c4 bxc4 28. Bxc4+ Kf8 29.
dxe5 Nxe5 30. Nxe5 Rxe5 31. Rxe5 Bxe5 32. Be3 Nd5 33. Bc5+ Bd6 34. Re6 Bxc5 35. bxc5 Rc8 36. Kf1 Rc7 37.
Ke2 f5 38. Kd3 Rd7 39. Bxd5 cxd5 40. Kd4 Kf7 41. Ra6 Kf8 42. c6 Rc7 43. Kxd5 Ke7 44. Ra3 Kf6 45. Kd6 Rxc6+ 46. Kxc6 Kg5 47.
Rxa7 Kxh6 48. Rb7 g5 49. a4 Kg6 50. a5 Kh6 51. a6 Kg6 52. a7 h6 53. a8=Q Kh5 54. Qe8+ Kg4 55. Qe2+ Kh3 56.
Rb1 Kg2 57. f4+ Kxg3 58. Rg1+ Kxf4 59. Rf1+ Kg3 60. Qf3+ 1-0

[Event "2022 Glenn Snow Memorial"]
[Site "Noblesville, Indiana, United States"]
[Date "2022.09.16"]
[Round "1.1"]
[White "Altucher, James"]
[Black "Moradiabadi, Elsha"]
[Result "0-1"]
[TimeControl "90:30"]
[BlackTitle "GM"]
[WhiteElo "2080"]
[BlackElo "2629"]

1. e4 c5 2. Nc3 e6 3. f4 d5 4. Bb5+ Bd7 5. Bxd7+ Qxd7 6. d3 Nc6 7. Nf3 Nf6 8. e5 Ng8 9.
O-O Nh6 10. Ne2 Be7 11. c3 Nf5 12. a3 a5 13. a4 h5 14. Kh1 h4 15. d4 Rc8 16. Bd2 b6 17. Rg1 cxd4 18. g4 hxg3 19.
Nxg3 Nxg3+ 20. Rxg3 dxc3 21. Bxc3 g6 22. Rg2 Bc5 23. Ng5 Ne7 24. Rd2 Qc6 25. Bd4 Bxd4 26. Rxd4 Qc2 27. Rd2 Qxd1+ 28. Raxd1 Rh4 29. Nf3 Rxf4 30. Nd4 Nf5 0-1

[Event "2022 Glenn Snow Memorial"]
[Site "Noblesville, Indiana, United States"]
[Date "2022.09.16"]
[Round "1.6"]
[White "Padhye, Rohan"]
[Black "Carr, Jay A"]
[Result "1-0"]
[TimeControl "90:30"]
[WhiteElo "2222"]
[BlackElo "2026"]

1. e4 c5 2. Nf3 e6 3. d4 cxd4 4. Nxd4 Nc6 5. Nc3 Qc7 6. g4 a6 7. Be3 b5 8. Nxc6 dxc6 9. Bg2 Bb4 10.
Qd4 Be7 11. e5 c5 12. Qd3 Bb7 13. Bxb7 Qxb7 14. Qe4 Qxe4 15. Nxe4 Rc8 16. O-O-O Rc6 17. g5 c4 18. f4 Bb4 19. c3 Ba5 20. Nd6+ Kf8 21. Nb7 Bc7 22.
Nd8 1-0